 Dungeon Crawl Stone Soup version 0.20.1-1-g8b1a95d (webtiles) character file.

81 arttle the Digger (level 4, -2/24 HPs)
             Began as a Gargoyle Earth Elementalist on Oct 31, 2017.
             Slain by an adder (3 damage)
             ... on level 3 of the Dungeon.
             The game lasted 00:09:46 (1932 turns).

arttle the Digger (Gargoyle Earth Elementalist)     Turns: 1932, Time: 00:09:47

Health: -2/24      AC:  5    Str: 11    XL:     4   Next: 40%
Magic:  7/8        EV: 12    Int: 17    God:
Gold:   31         SH:  0    Dex: 10    Spells: 5/9 levels left

rFire    . . .     SeeInvis .   m - +1 whip (elec)
rCold    . . .     Gourm    .   (no shield)
rNeg     + . .     Faith    .   c - +0 robe
rPois    ∞         Spirit   .   (no helmet)
rElec    +         Reflect  .   (no cloak)
rCorr    .         Harm     .   (no gloves)
MR       .....                  (no boots)
Stlth    ++........             (no amulet)
Regen    0.1/turn               (no ring)
MPRegen  0.2/turn               (no ring)

@: no status effects
A: negative energy resistance 1, electricity resistance, unbreathing,
petrification resistance, rot immunity, AC +3
a: no special abilities


You were on level 3 of the Dungeon.
You were not hungry.

You visited 1 branch of the dungeon, and saw 3 of its levels.

You collected 31 gold pieces.

Inventory:

Hand Weapons
 i - a +0 whip
 m - a +1 whip of electrocution (weapon)
Missiles
 b - 132 stones (quivered)
Armour
 c - a +0 robe (worn)
 h - a +2 buckler
Jewellery
 l - a cursed ring of resist corrosion {unknown}
Scrolls
 a - 2 scrolls of identify {unknown}
 g - 3 scrolls of recharging {unknown}
 k - a scroll of fog {unknown}
Potions
 j - a potion of brilliance
 n - 2 potions of curing {unknown}
Books
 e - a book of Geomancy

   Spells                             Type                      Level
   a - Sandblast                      Earth                        1
   b - Passwall                       Transmutation/Earth          2
   c - Stone Arrow                    Conjuration/Earth            3
   d - Petrify                        Transmutation/Earth          4
   e - Lee's Rapid Deconstruction     Earth                        5
 o - a book of Cantrips

   Spells                             Type                      Level
   a - Confusing Touch                Hexes                        1
   b - Animate Skeleton               Necromancy                   1
   c - Summon Small Mammal            Summoning                    1
   d - Apportation                    Translocation                1
Comestibles
 d - 3 bread rations
 f - 4 chunks of flesh


   Skills:
 - Level 1.5 Dodging
 - Level 2.1 Stealth
 + Level 3.0 Spellcasting
   Level 0.7 Transmutations
 + Level 5.2 Earth Magic


You had 5 spell levels left.
You knew the following spells:

 Your Spells              Type           Power        Failure   Level  Hunger
a - Sandblast             Erth           ###...       1%          1    None
z - Stone Arrow           Conj/Erth      ##....       19%         3    ###....


Dungeon Overview and Level Annotations

Branches:
Dungeon (3/15)

Altars:


Innate Abilities, Weirdness & Mutations

You are resistant to torment.
Your stone body is resilient. (AC +3)
You are immune to poison.
You resist negative energy. (rN+)
You are resistant to electric shocks. (rElec)
You can survive without breathing.
You are immune to petrification.
You are immune to rotting.


Message History

The adder bites you but does no damage. The adder barely misses you.
You closely miss the adder.
The adder is heavily wounded.
The adder misses you.
You hit the adder.
The adder is almost dead.
The adder misses you.
The orc priest mumbles some strange prayers to Beogh against you.
Beogh smites you!
Ouch! That really hurt!
* * * LOW HITPOINT WARNING * * *
Casting: Sandblast
Confirm with . or Enter, or press ? or * to list all spells.
Aiming: Sandblast
Press: ? - help, Shift-Dir - straight line, f - adder
Aim: an adder (almost dead)
The blast of sand misses the adder.
b - 132 stones The adder closely misses you.
The adder bites you.
You die...

.........!.....
###########o.......
#^<#....o..........
##[#o######........
#.#.# #........
#)#o# ##......#
#.#.# ####### #.#.#
##@#o# #..So#
######


You could see an adder and an orc.

Vanquished Creatures
  3 adders (D:2)
  A worm (D:2)
  A dart slug (D:2)
  3 leopard geckos
  An orc (D:3)
  4 giant cockroaches
  5 goblins
  3 hobgoblins
  4 jackals (D:2)
  4 bats
  9 frilled lizards
  6 kobolds
  3 rats
47 creatures vanquished.

Notes
Turn   | Place    | Note
-------+----------+-------------------------------------------
     0 | D:1      | arttle the Gargoyle Earth Elementalist began the quest for the Orb.
     0 | D:1      | Reached XP level 1. HP: 10/10 MP: 3/3
   262 | D:1      | Reached skill level 4 in Earth Magic
   262 | D:1      | Reached XP level 2. HP: 14/15 MP: 5/5
   792 | D:1      | Reached XP level 3. HP: 15/19 MP: 6/6
   916 | D:2      | Learned a level 3 spell: Stone Arrow
  1317 | D:2      | Reached XP level 4. HP: 24/24 MP: 8/8
  1412 | D:2      | Reached skill level 5 in Earth Magic
  1931 | D:3      | HP: 1/24 [orc priest/divine providence (13)]
  1932 | D:3      | Slain by an adder

Skill      XL: |  1  2  3  4 |
---------------+-------------+-----
Earth Magic    | 4 5 |  5.2
Spellcasting   | 3 |  3.0
Dodging        | |  1.5
Stealth        | |  2.1
Transmutations | |  0.7

Action                   |  1- 3 |  4- 6 || total
-------------------------+-------+-------++-------
Melee: Whip              |    90 |    52 ||   142
       Unarmed           |     1 |       ||     1
 Cast: Sandblast         |     9 |     5 ||    14
       Stone Arrow       |     3 |     1 ||     4
  Use: Potion            |     3 |       ||     3
 Stab: Sleeping          |     4 |       ||     4
  Eat: Chunk             |     2 |     2 ||     4
Armor: Robe              |    33 |    21 ||    54
Dodge: Dodged            |    54 |    26 ||    80
